 Dungeon Crawl Stone Soup version 0.28-a0-863-g8cecda6153 (webtiles) character file.

Game seed: 3996073667398138493

2013 ytrimaz the Covered (level 9, -3/68 HPs)
             Began as a Demonspawn Fighter on Nov 16, 2021.
             Was a Follower of Qazlal.
             Slain by a gnoll (20 damage)
             ... in a bailey.
             The game lasted 00:08:47 (7910 turns).

ytrimaz the Covered (Demonspawn Fighter)            Turns: 7910, Time: 00:08:48

Health: -3/68      AC: 18    Str: 25    XL:     9   Next: 2%
Magic:  9/9        EV:  8    Int: 14    God:    Qazlal [*.....]
Gold:   429        SH:  7    Dex: 19    Spells: 8/8 levels left

rFire   . . .      SeeInvis .     - Unarmed
rCold   + . .      Faith    .   c - +0 buckler
rNeg    . . .      Spirit   .   p - +6 chain mail "Yreykiti" {Str+6 Slay+3}
rPois   .          Reflect  .   b - +1 helmet
rElec   .          Harm     .   (no cloak)
rCorr   .          Rampage  .   (no gloves)
Will    .....                   (no boots)
Stlth   ..........              (no amulet)
HPRegen 0.21/turn               j - ring of protection from cold
MPRegen 0.11/turn               r - +6 ring of dexterity

@: mighty
A: claws 2, ignite blood 2, spiny 1, big brain 2
a: Renounce Religion


You were in a bailey.
You worshipped Qazlal.
Qazlal was aware of your devotion.
You visited 2 branches of the dungeon, and saw 8 of its levels.
You also visited: Bailey.

You collected 1211 gold pieces.
You spent 782 gold pieces at shops.

Inventory:

Armour
 b - a +1 helmet (worn)
 c - a +0 buckler (worn)
 p - the +6 chain mail "Yreykiti" (worn) {Str+6 Slay+3}
   (You bought it in a shop on level 3 of the Dungeon)

   Str:       It affects your strength (+6).
   Slay:      It affects your accuracy & damage with ranged weapons and melee
   (+3).
Jewellery
 j - a ring of protection from cold (left claw)
 r - a +6 ring of dexterity (right claw)
Wands
 i - a wand of acid (7)
 l - a wand of paralysis (9)
Scrolls
 e - 2 scrolls of torment
 m - 2 scrolls of fear
 q - 2 scrolls of immolation
Potions
 a - a potion of resistance
 f - 2 potions of heal wounds
 g - 2 potions of curing {unknown}
 h - 4 potions of haste
 k - a potion of attraction {unknown}
 n - a potion of magic {unknown}
 o - 2 potions of berserk rage {unknown}


   Skills:
 + Level 5.3 Fighting
 - Level 3.6 Axes
 + Level 6.7 Armour
 - Level 1.1 Stealth
 - Level 4.0 Shields
 * Level 6.2 Unarmed Combat


You had 8 spell levels left.
You didn't know any spells.
Your spell library contained the following spells:

 Spells                   Type           Power      Damage    Failure   Level
 Gell's Gravitas          Tloc           0%         N/A       99%         3
 Teleport Other           Tloc           0%         N/A       99%         3
 Dispersal                Tloc           0%         N/A       100%        6


Dungeon Overview and Level Annotations

Branches:
Dungeon (7/15)             Temple (1/1) D:7          Bailey (1/1)

Altars:
Ashenzari
Cheibriados
Dithmenos
Fedhas
Gozag
Hepliaklqana
Kikubaaqudgha
Makhleb
Okawaru
Qazlal
Sif Muna
Trog
Vehumet
Wu Jian
Yredelemnul
The Shining One

Shops:
D:3 [[([

Annotations:
D:5 2 transporters


Innate Abilities, Weirdness & Mutations

You have very sharp fingernails.
Your demonic aura often causes spilled blood to erupt in flames.
You are partially covered in sharp spines.
You have an extremely huge brain. (Int +4)


Message History

There is an open door, spattered with blood here.
You claw the gnoll!
You kill the gnoll!
Qazlal accepts your kill.
The hobgoblin throws a boomerang.
The boomerang barely misses you.
The kobold drinks a potion.
The kobold suddenly seems more resistant.
The gnoll drinks a potion.
The gnoll flickers and vanishes!
Deactivating autopickup; reactivate with Ctrl-A.
Items here: !! ( ) †††.
Unknown command.
There is an open door, spattered with blood here.
You feel very mighty all of a sudden. Something hits you.
You are electrocuted!
The kobold throws a boomerang.
The boomerang barely misses you.
You claw the orc knight!
The orc knight is moderately wounded.
A gnoll comes into view. It is wielding a +0 halberd.
The orc knight is engulfed in blazing flames.
The orc knight hits you with a +0 long sword.
Something hits you.
You scratch the orc knight.
The orc knight is moderately wounded.
You mangle the orc knight!!
The orc knight is severely wounded.
The orc knight hits you but does no damage.
Something hits you!
The hobgoblin drinks a potion.
The hobgoblin seems to grow stronger.
You claw the orc knight!
The orc knight is almost dead.
The orc knight barely misses you. Something hits you.
* * * LOW HITPOINT WARNING * * *
Unknown command.
You claw the orc knight!
You kill the orc knight!
Qazlal accepts your kill. Something hits you.
* * * LOW HITPOINT WARNING * * *
You are electrocuted!!
You die...

## ## ### .# .# #.'
'##'##'# #.....#
###...g.###
#.'g(⌠..'.#
###g....###
##){K..# ##@##'##'#
#' #†## .# #.#g#
#'# ### ### ###
#.###.# #.#.# #.# #
##(##'##'# #'##'##'
##.....# #.....#
###.....#####.....#
#.'..⌠.)'.#.'..∩(.'
###...)(#####.....#


You could see 2 gnolls, a hobgoblin (strong) and a kobold (resistant).

Vanquished Creatures
  An orc knight (Bailey)
  Sigmund (D:4)
  The ghost of Twinkles the Ducker, an amateur SpCK of Xom (D:5)
  An ice beast (D:6)
  A black bear (D:5)
  A necrophage (D:5)
  2 ogres (D:5)
  2 centaurs
  A bullfrog (D:5)
  A scorpion (D:5)
  A wyvern zombie (D:7)
  3 water moccasin skeletons
  3 killer bees (D:7)
  A centaur zombie (D:7)
  A bullfrog zombie (D:7)
  A bullfrog skeleton (D:6)
  2 hounds (D:4)
  An orc priest (D:5)
  A centaur skeleton (D:6)
  2 iguanas
  An orc wizard (D:4)
  20 gnolls
  8 adders
  A howler monkey skeleton (D:5)
  An ufetubus (D:7)
  2 dart slugs
  9 orcs
  2 ball pythons
  6 bats
  4 endoplasms
  2 giant cockroaches
  3 goblins
  13 hobgoblins
  4 quokkas
  3 frilled lizards
  18 kobolds
  15 rats
140 creatures vanquished.

Vanquished Creatures (others)
  A wizard (D:5)
  29 plants
30 creatures vanquished.

Grand Total: 170 creatures vanquished

Notes
Turn   | Place    | Note
-------+----------+-------------------------------------------
     0 | D:1      | ytrimaz the Demonspawn Fighter began the quest for the Orb.
     0 | D:1      | Reached XP level 1. HP: 18/18 MP: 1/1
   463 | D:1      | Gained mutation: You are partially covered in sharp spines.
                  | [demonic ancestry]
   463 | D:1      | Reached XP level 2. HP: 24/24 MP: 2/2
   808 | D:1      | Found a faded altar of an unknown god.
  1232 | D:2      | Gained mutation: Your demonic aura sometimes causes spilled
                  | blood to erupt in flames. [demonic ancestry]
  1232 | D:2      | Reached XP level 3. HP: 28/29 MP: 3/3
  1276 | D:2      | Gained mutation: Your demonic aura often causes spilled
                  | blood to erupt in flames. [demonic ancestry]
  1276 | D:2      | Reached XP level 4. HP: 5/35 MP: 4/4
  2271 | D:3      | Found Ybuwued's Antique Weapon Shop.
  2275 | D:3      | Found Saufeitz's Antique Armour Shop.
  2453 | D:3      | Found a burning altar of Makhleb.
  2633 | D:3      | Found Kezxunli's Armour Shoppe.
  2749 | D:3      | Found Gokahet's Antique Armour Emporium.
  2956 | D:3      | Gained mutation: You have sharp fingernails. [demonic
                  | ancestry]
  2956 | D:3      | Reached XP level 5. HP: 27/41 MP: 5/5
  3521 | D:4      | Noticed Sigmund
  3528 | D:4      | Killed Sigmund
  3529 | D:4      | Reached skill level 1 in Unarmed Combat
  3529 | D:4      | Reached XP level 6. HP: 36/48 MP: 6/6
  4526 | D:5      | Entered Level 5 of the Dungeon
  4546 | D:5      | Found a transporter.
  4703 | D:5      | Noticed Twinkles's ghost (amateur SpCK)
  4704 | D:5      | Found a transporter.
  4705 | D:5      | Found a transporter.
  4726 | D:5      | Reached skill level 5 in Armour
  4726 | D:5      | Gained mutation: You have very sharp fingernails. [demonic
                  | ancestry]
  4726 | D:5      | Reached XP level 7. HP: 33/54 MP: 7/7
  4871 | D:5      | Found a transporter.
  5579 | D:5      | Found a shimmering blue altar of Sif Muna.
  5585 | D:5      | Identified a scroll of acquirement
  5587 | D:5      | Acquired 952 gold pieces
  5751 | D:5      | Found a bloodstained altar of Trog.
  5770 | D:5      | Noticed a wizard
  5772 | D:5      | Killed a wizard
  6075 | D:3      | Bought the +6 chain mail "Yreykiti" {Str+6 Slay+3} for 733
                  | gold pieces
  6196 | D:3      | Bought a +0 helmet for 49 gold pieces
  6256 | D:5      | Reached skill level 5 in Fighting
  6256 | D:5      | Gained mutation: You have an unusually large brain. (Int
                  | +2) [demonic ancestry]
  6256 | D:5      | Reached XP level 8. HP: 62/62 MP: 8/8
  6261 | D:5      | Killed Twinkles's ghost
  6263 | D:5      | Reached skill level 1 in Stealth
  6490 | D:6      | Found a hazy altar of Hepliaklqana.
  7135 | D:7      | Reached skill level 5 in Unarmed Combat
  7190 | D:7      | Found a staircase to the Ecumenical Temple.
  7248 | Temple   | Entered the Ecumenical Temple
  7338 | Temple   | Became a worshipper of Qazlal Stormbringer
  7512 | D:7      | Found a flagged portal.
  7518 | D:7      | Noticed a five-headed hydra
  7523 | Bailey   | Entered a bailey
  7732 | Bailey   | Gained mutation: You have an extremely huge brain. (Int +4)
                  | [demonic ancestry]
  7732 | Bailey   | Reached XP level 9. HP: 26/68 MP: 9/9
  7734 | Bailey   | Reached * piety under Qazlal
  7901 | Bailey   | Noticed an orc knight
  7910 | Bailey   | Killed an orc knight
  7910 | Bailey   | Slain by a gnoll

Illustrated notes

Levels and vault maps discovered:
D:1:      dpeg_arrival_circle_labyrinth_a, layout_basic,
          chequers_ecumenical_altar_grove, hangedman_decor_peaks_small
D:2:      layout_basic, minmay_rat_gold_closets
D:3:      layout_loops_corners, bloody_makhleb, serial_shops,
          nicolae_shop_advertising_works [nicolae_subvault_shop_adworks], shop,
          shop_fountains, nicolae_shop_hallway_plus, chequers_big_river
D:4:      layout_loops_corners, serial_bayou, serial_bayou_pond_b,
          serial_bayou_crossing, serial_bayou_lagoon_a, serial_bayou_pond_e,
          uniq_sigmund
D:5:      gammafunk_cloud_chamber, layout_basic, nicolae_sif_muna_condensation,
          trog_wizard, gammafunk_ghost_smash
D:6:      minmay_polygon_palace, layout_loops_corners, kennysheep_mini,
          roderic_lattice_a, kennysheep_generic_room_4
D:7:      layout_basic, minmay_temple_entry_tees, enter_bailey_2
Temple:   regret_index_temple_generic_petals
Bailey:   bailey_axe_2, bailey

Skill      XL: |  1  2  3  4  5  6  7  8 |
---------------+-------------------------+-----
Axes           | 2 3 |  3.6
Armour         | 3 4 5 6 |  6.7
Shields        | 3 4 |  4.0
Unarmed Combat | 1 2 3 6 |  6.2
Fighting       | 4 5 |  5.3
Stealth        | 1 |  1.1

Action                   |  1- 3 |  4- 6 |  7- 9 || total
-------------------------+-------+-------+-------++-------
Melee: War axe           |    55 |    85 |       ||   140
       Dagger            |       |     2 |    11 ||    13
       Unarmed           |       |       |   147 ||   147
  Use: Scroll            |       |     4 |     6 ||    10
       Potion            |       |       |     4 ||     4
Armor: Scale mail        |    23 |    29 |    21 ||    73
       Chain mail        |       |       |    73 ||    73
Dodge: Dodged            |    25 |    38 |    77 ||   140
Block: Buckler           |     7 |    15 |    50 ||    72

Table legend: (Time is in decaauts)
 A = Elapsed time spent in this place.
 B = Non-inter-level travel time spent in this place.
 C = Inter-level travel time spent in this place.
 D = Time resting spent in this place.
 E = Time spent auto-exploring this place.
 F = Levels seen in this place.
 G = Mean time per level.
                   A        B        C        D        E       F      G
               +--------+--------+--------+--------+--------+-----+--------+
         Total |   7977 |   7646 |    331 |    818 |   5760 |   9 |  886.3 |
       Dungeon |   7482 |   7172 |    310 |    567 |   5724 |   7 | 1068.9 |
        Temple |    112 |     91 |     21 |      0 |      0 |   1 |  112.0 |
        Bailey |    382 |    382 |      0 |    251 |     36 |   1 |  382.0 |
               +--------+--------+--------+--------+--------+-----+--------+

Top non-repeatable levels by time:
     D:5: 1591 daAuts
     D:3: 1390 daAuts
     D:2: 1203 daAuts
     D:4: 1127 daAuts
     D:1: 1067 daAuts
     D:6: 753 daAuts
  Bailey: 382 daAuts
     D:7: 347 daAuts
  Temple: 112 daAuts
